 Dungeon Crawl Stone Soup version 0.31.0-4-g52a2dc7128 (webtiles) character file.

Game seed: 13669394967787509748

3480 case the Severer (level 9, -3/81 HPs)
             Began as a Minotaur Berserker on Jan 21, 2024.
             Was a Priest of Trog.
             Slain by Erica
             ... wielding a +1 scimitar of flaming
              (19 damage)
             ... on level 8 of the Dungeon.
             The game lasted 00:08:16 (7259 turns).

case the Severer (Minotaur Berserker)               Turns: 7259, Time: 00:08:19

Health: -3/81      AC:  6    Str: 26    XL:     9   Next: 79%
Magic:  0/8        EV:  8    Int:  4    God:    Trog [***...]
Gold:   538        SH:  0    Dex: 10    Spells: 8/8 levels left

rFire   . . .        o - +2 war axe
rCold   . . .        (no shield)
rNeg    . . .        p - +0 ring mail
rPois   .            (helmet restricted)
rElec   .            (no cloak)
rCorr   .            j - +0 pair of gloves
SInv    .            (no boots)
Will    ++...        m - amulet of guardian spirit Stlth
                     (no ring)
HPRegen 1.33/turn    (no ring)
MPRegen 0.11/turn

%: guardian spirit
@: lethally poisoned (-3 -> -9), strong-willed, on berserk cooldown,
regenerating, slowed, constricted, studying Unarmed Combat, very slow
A: horns 2, retaliatory headbutt
a: Renounce Religion, Berserk, Trog's Hand


You were on level 8 of the Dungeon.
You worshipped Trog.
Trog was most pleased with you.
You visited 1 branch of the dungeon, and saw 8 of its levels.

You collected 566 gold pieces.
You spent 28 gold pieces at shops.

Inventory:

Hand Weapons
 a - a +1 whip of freezing
 o - a +2 war axe (weapon)
 t - a +0 club
 D - a +0 dagger of chaos
Missiles
 i - 3 throwing nets (quivered)
Armour
 j - a +0 pair of gloves (worn)
 p - a +0 ring mail (worn)
Jewellery
 m - an amulet of guardian spirit (around neck)
 u - an amulet of faith
 v - a ring of magical power
Wands
 B - a wand of iceblast (7)
Scrolls
 c - 2 scrolls of amnesia {unknown}
 e - a scroll of revelation {unknown}
 k - 4 scrolls of teleportation {unknown}
 l - 3 scrolls of butterflies {unknown}
 q - a scroll of vulnerability {unknown}
 s - 4 scrolls of blinking
 y - a scroll of poison {unknown}
 C - a scroll of immolation {unknown}
Potions
 b - 4 potions of mutation
 d - a potion of resistance {unknown}
 f - 3 potions of enlightenment
 g - 2 potions of heal wounds
 h - a potion of cancellation {unknown}
 n - 5 potions of curing
 r - a potion of lignification {unknown}
 w - a potion of brilliance {unknown}
 x - 3 potions of attraction
 z - a potion of haste {unknown}
 A - a potion of degeneration {unknown}


   Skills:
 - Level 7.9 Fighting
 * Level 15.3 Axes
 - Level 2.4 Armour
 - Level 2.1 Dodging


You had 8 spell levels left.
You didn't know any spells.
Your spell library was empty.

Dungeon Overview and Level Annotations

Branches:
Dungeon (8/15)             Temple (0/1) D:5
   Lair: D:8-11

Altars:
Ashenzari
Dithmenos
Elyvilon
Hepliaklqana
Ru
The Shining One

Shops:
D:1 :   D:4 :   D:8 ?

Annotations:
D:8 Erica


Innate Abilities, Weirdness & Mutations

You have a pair of horns on your head.
You reflexively headbutt those who attack you in melee.


Message History

Erica is moderately wounded.
Erica hits you with a +1 scimitar of flaming!
Erica burns you. Erica constricts you.
You hit Erica.
Erica is poisoned.
Your headbutt misses Erica.
Erica is heavily wounded.
Erica barely misses you. Erica constricts you.
You barely miss Erica. Your headbutt misses Erica.
Erica is heavily wounded.
You are no longer berserk.
You are exhausted.
You feel as though you will be slow longer.
Erica hits you with a +1 scimitar of flaming!
Erica burns you. Erica constricts you.
o - a +2 war axe (weapon)
You barely miss Erica.
Erica is heavily wounded.
Erica stares at you and mumbles some strange words.
You resist with almost no effort. Erica constricts you.
You escape Erica's grasp.
Erica casts a spell.
Erica flickers and vanishes!
Deactivating autopickup; reactivate with Ctrl-A.
You miss something. Your headbutt misses something. Something hits you.
Something burns you. Something grabs you.
You are constricted.
You slash something!
You hear some strange, mumbled words.
A bolt of poison appears from out of thin air!
The bolt of poison hits you!!
You are poisoned.
* * * LOW HITPOINT WARNING * * *
You are constricted.
* * * LOW HITPOINT WARNING * * *
You feel much better.
You feel extremely sick. Something hits you!
* * * LOW HITPOINT WARNING * * *
Something burns you.
You are constricted.
* * * LOW HITPOINT WARNING * * *
Something hits you!!
You die...

##.#g#
♣...~~_~~...♣
##g..#
♣♣..≈≈~≈≈..♣♣
#.Y..#
♣...≈~≈...♣
#.g#.#
♣♣.......♣♣
#.)..#
♣♣.....♣♣
..Y#.#
♣♣...♣♣
...###
♣♣.....♣♣
...[
♣♣.......♣♣
....
♣...≈~≈.@.♣
..##
#...≈≈~≈≈{.#
..
#...~~♣~~..#
#...≈≈~≈≈..#
#....≈~≈...#
.#.......##
##.....##
.....###
#####


There were no monsters in sight!

Vanquished Creatures
  The ghost of ProzacElf the Brooding, a novice DsRe of Hepliaklqana (D:7)
  Pikel (D:4)
  Psyche (D:8)
  Sigmund (D:6)
  Eustachio (D:4)
  A steam dragon (D:7)
  A sky beast (D:7)
  3 black bears
  An ice beast (D:6)
  2 ogres (D:6)
  3 lemures
  A kobold brigand (D:4)
  2 bullfrogs
  2 scorpions
  A howler monkey (D:8)
  A spectral centaur (D:7)
  2 centaur zombies (D:7)
  3 jellies
  5 orc priests
  2 hounds (D:6)
  A sleepcap (D:6)
  5 iguanas
  5 orc wizards
  A howler monkey zombie (D:7)
  4 gnolls
  6 adders
  A shadow imp (D:7)
  2 white imps
  2 ribbon worms
  A dart slug (D:4)
  31 orcs
  7 endoplasms
  5 giant cockroaches
  4 hobgoblins
  4 jackals (D:3)
  7 kobolds
  5 quokkas
  5 ball pythons
  3 bats
  8 frilled lizards
  4 goblins
  6 rats
152 creatures vanquished.

Notes
Turn   | Place    | Note
-------+----------+-------------------------------------------
     0 | D:1      | case the Minotaur Berserker began the quest for the Orb.
     0 | D:1      | Reached XP level 1. HP: 19/19 MP: 0/0
   104 | D:1      | Reached skill level 4 in Axes
   115 | D:1      | Found a faded altar of an unknown god.
   120 | D:1      | Reached XP level 2. HP: 27/27 MP: 1/1
   694 | D:1      | Reached ** piety under Trog
   716 | D:1      | Found Goasud Bich's Book Shoppe.
   975 | D:2      | Reached XP level 3. HP: 27/33 MP: 2/2
  1124 | D:2      | Reached skill level 5 in Axes
  1128 | D:2      | HP: 2/51 [gnoll/+0 spear (2)]
  1130 | D:2      | Reached XP level 4. HP: 3/41 MP: 3/3
  1925 | D:3      | Reached skill level 5 in Fighting
  1925 | D:3      | Reached skill level 6 in Axes
  1925 | D:3      | Reached XP level 5. HP: 37/48 MP: 1/4
  2189 | D:3      | Found a shadowy altar of Dithmenos.
  2219 | D:3      | Found a sacrificial altar of Ru.
  2923 | D:4      | Noticed a lemure
  2925 | D:4      | Noticed a lemure
  2937 | D:3      | Killed a lemure
  2957 | D:4      | Noticed a lemure
  2957 | D:4      | Noticed a lemure
  2972 | D:3      | Killed a lemure
  3160 | D:4      | Killed a lemure
  3253 | D:4      | Noticed Pikel
  3261 | D:4      | Killed Pikel
  3262 | D:4      | Reached skill level 8 in Axes
  3262 | D:4      | Reached XP level 6. HP: 58/58 MP: 3/5
  3262 | D:4      | Reached XP level 7. HP: 64/64 MP: 3/6
  3396 | D:4      | Noticed Eustachio
  3425 | D:4      | Killed Eustachio
  3426 | D:4      | Reached skill level 9 in Axes
  3570 | D:4      | Found Adyplocw's Vocational Training.
  3824 | D:5      | Entered Level 5 of the Dungeon
  3995 | D:5      | Reached XP level 8. HP: 63/73 MP: 7/7
  4201 | D:5      | Reached skill level 10 in Axes
  4321 | D:5      | Reached *** piety under Trog
  4831 | D:5      | Found a staircase to the Ecumenical Temple.
  4949 | D:6      | Found a hazy altar of Hepliaklqana.
  4995 | D:6      | Found a broken altar of Ashenzari.
  5084 | D:6      | Reached skill level 11 in Axes
  5273 | D:6      | Reached skill level 12 in Axes
  5608 | D:6      | Noticed Sigmund
  5615 | D:6      | Killed Sigmund
  5642 | D:6      | Reached XP level 9. HP: 81/81 MP: 8/8
  6188 | D:7      | Reached skill level 13 in Axes
  6489 | D:7      | Found a runed translucent gate.
  6489 | D:7      | Found a runed translucent gate.
  6489 | D:7      | Found a runed translucent gate.
  6490 | D:7      | Noticed ProzacElf's ghost (novice DsRe)
  6523 | D:7      | Killed ProzacElf's ghost
  6524 | D:7      | Reached skill level 14 in Axes
  6817 | D:8      | Noticed a death yak
  6818 | D:8      | Noticed a death yak
  6819 | D:8      | Noticed a death yak
  6933 | D:8      | Found Pieph's Magic Scroll Shop.
  6941 | D:8      | Bought a scroll of identify for 28 gold pieces
  6968 | D:8      | Found a glowing golden altar of the Shining One.
  6987 | D:8      | Noticed Psyche
  6994 | D:8      | Killed Psyche
  6995 | D:8      | Reached skill level 15 in Axes
  7003 | D:8      | Reached **** piety under Trog
  7225 | D:8      | Found a white marble altar of Elyvilon.
  7240 | D:8      | Noticed Erica
  7259 | D:8      | Slain by Erica

Illustrated notes

Levels and vault maps discovered:
D:1:      dpeg_arrival_signposts, layout_basic,
          dilly_ecumenical_altar_fadedgnrine, serial_shops, shop_statue,
          hangedman_decor_push
D:2:      layout_loops_ring, minmay_split_cup_small
D:3:      layout_basic, mainiacjoe_overflow_small_starburst,
          mainiacjoe_overflow_tiny_flanked,
          wander_ebering_terrifying_dragon_lair
D:4:      layout_cave_pools, nicolae_shop_vocational, uniq_eustachio, uniq_pikel
D:5:      layout_layer_cave, minmay_temple_entry_slanted
D:6:      layout_cave_pods, nicolae_hepliaklqana_hippocampus,
          mainiacjoe_overflow_brackets, uniq_sigmund
D:7:      layout_gridville, gammafunk_ghost_necromancy
D:8:      layout_loops_cross, nicolae_tso_carved_into_rock, elyvilon_altar_3,
          dpeg_lair_monsters, serial_shops, shop, uniq_psyche, uniq_erica

Skill      XL: |  1  2  3  4  5  6  7  8  9 |
---------------+----------------------------+-----
Axes           | 4 5 6 8 9 12 15 | 15.3
Fighting       | 4 5 6 7 |  7.9
Armour         | |  2.4
Dodging        | |  2.1

Action                     |  1- 3 |  4- 6 |  7- 9 || total
---------------------------+-------+-------+-------++-------
  Melee: Hand axe          |    63 |    27 |       ||    90
         Headbutt          |     7 |    13 |    33 ||    53
         War axe           |       |    65 |   203 ||   268
         Punch             |       |       |     2 ||     2
         Dagger            |       |       |    13 ||    13
 Invoke: Berserk           |     1 |     3 |     4 ||     8
         Trog's Hand       |       |       |     2 ||     2
    Use: Scroll            |       |     2 |     7 ||     9
         Potion            |       |       |     1 ||     1
 Armour: Animal skin       |    34 |    24 |       ||    58
         Ring mail         |       |    49 |   146 ||   195
  Dodge: Dodged            |    39 |    55 |   108 ||   202
